 Dungeon Sprint DCSS version 0.18-b1-16-g289874d (webtiles) character file.

1822 otab the Exorcist (level 9, -5/85 HPs)
             Began as a Hill Orc Monk on May 1, 2016.
             Was an Elder of the Shining One.
             Killed from afar by a deep elf mage (28 damage)
             ... with a shard of ice
             ... in the Dungeon (Sprint V: "Ziggurat Sprint").
             The game lasted 00:02:11 (272 turns).

otab the Exorcist (Hill Orc Monk)                    Turns: 272, Time: 00:02:11

Health: -5/85      AC: 13    Str: 22    XL:     9   Next: 10%
Magic:  15/17      EV: 14    Int: 10    God:    the Shining One [****..]
Gold:   0          SH: 32    Dex: 34    Spells: 0 memorised, 8 levels left

rFire  . . .     SeeInvis .     L - +5 double sword (elec)
rCold  . . .     Gourm    .     l - +4 chain mail of the Shore {rElec Dex+4}
rNeg   + + +     Faith    .     I - +18 shield of the gong {rElec rN+ MR+ EV-5}
rPois  .         Spirit   .     (no helmet)
rElec  +         Dismiss  .     (no cloak)
rCorr  .         Reflect  .     (no gloves)
SustAt .         Harm     .     (no boots)
MR     +....     NoTele   +     (no amulet)
Stlth  +.........               y - +6 ring of dexterity
                                x - +6 ring of dexterity

@: mighty, agile, glowing, somewhat resistant to hostile enchantments, very
unstealthy
A: no striking features
a: Divine Shield, Cleansing Flame, Renounce Religion


You were in the Dungeon.
You worshipped the Shining One.
The Shining One was greatly pleased with you.
You were not hungry.

You visited 1 branch

Inventory:

Hand Weapons
 J - the +0 Sword of Power
   (You found it in the Dungeon)
 K - a +5 demon blade
 L - a +5 double sword of electrocution (weapon)
Armour
 a - a +0 robe
 l - the +4 chain mail of the Shore (worn) {rElec Dex+4}
   (You found it in the Dungeon)

   It affects your dexterity (+4).
   It insulates you from electricity.
 H - the +15 Maxwell's patent armour {-Cast -Tele rElec MR+ rCorr}
   (You found it in the Dungeon)

   It insulates you from electricity.
   It affects your resistance to hostile enchantments.
   It prevents spellcasting.
   It prevents most forms of teleportation.
   It protects you from acid and corrosion.
 I - the +18 shield of the gong (worn) {rElec rN+ MR+ EV-5}
   (You found it in the Dungeon)

   It affects your evasion (-5).
   It insulates you from electricity.
   It protects you from negative energy.
   It affects your resistance to hostile enchantments.
Jewellery
 x - a +6 ring of dexterity (left hand)
 y - a +6 ring of dexterity (right hand)
 z - a +6 ring of intelligence
 A - a +6 ring of intelligence
 B - a +6 ring of strength
 C - a +6 ring of strength
 M - the ring "Plog" {rElec rF- rC+ MR+ Int+3}
   (You found it in the Dungeon)

   [ring of protection from magic]

   It affects your intelligence (+3).
   It makes you vulnerable to fire.
   It protects you from cold.
   It insulates you from electricity.
   It affects your resistance to hostile enchantments.
Wands
 D - a wand of disintegration (7/24)
 E - a wand of iceblast (5/15)
 F - a wand of lightning (5/15)
 G - a wand of acid (5/15)
Scrolls
 h - 4 scrolls of blinking
 o - 4 scrolls of amnesia
 p - 3 scrolls of recharging
 q - 7 scrolls of fog
 r - a scroll of holy word
 s - 5 scrolls of identify
 t - 5 scrolls of remove curse
 u - 2 scrolls of fear
Potions
 c - 10 potions of curing
 d - 9 potions of heal wounds
 e - 6 potions of haste
 f - 7 potions of magic
 g - 3 potions of berserk rage
 i - 2 potions of brilliance
 j - 2 potions of invisibility
 k - 4 potions of resistance
 m - 4 potions of agility
 n - 4 potions of might
Comestibles
 b - 5 bread rations
 v - 42 fruits
 w - 4 meat rations


   Skills:
 + Level 10.2 Fighting
 * Level 10.9 Long Blades
 + Level 5.0 Armour
 + Level 6.9 Dodging
 - Level 1.5 Stealth
 + Level 9.5 Shields
 - Level 4.3 Unarmed Combat
 * Level 11.4 Invocations


You had 8 spell levels left.
You didn't know any spells.

Dungeon Overview and Level Annotations

Branches:
Dungeon (1/1)

Altars:
Ashenzari
Cheibriados
Dithmenos
Elyvilon
Fedhas
Gozag
Kikubaaqudgha
Makhleb
Nemelex Xobeh
Okawaru
Pakellas
Qazlal
Ru
Sif Muna
Trog
Vehumet
Xom
Yredelemnul
Zin
The Shining One
Beogh
Jiyva
Lugonu


Message History

GONNNNG!
You block the deep elf mage's attack.
PANG!
The ice beast hits you but does no damage.
The vampiric trident hits you from afar!
* * * LOW HITPOINT WARNING * * *
You block the ice beast's attack.
GONNNNG!
Unknown command.
You slash the deep elf mage!
There is a sudden explosion of sparks!
The deep elf mage is severely wounded.
You block the vampiric trident's attack.
GONNNNG!
You block the ice beast's attack.
SHROANNG!
The ice beast completely misses you.
The ice beast hits you but does no damage.
The deep elf mage points at you and mumbles some strange words.
The shard of ice hits you!
You die...

▓▓▓▓▓▓▓▓▓▓▓▓▓▓▓▓▓▓▓
▓.8©8.▓.8©8.▓.8©8.▓
▓.:)|.▓...=.▓.....▓
▓..:..▓.....▓.=...▓
▓...(.▓.....▓..†..▓
▓..YY.▓.))).▓.....▓
▓.)@e.▓.....▓.....▓
▓..Y..▓.....▓▓▓▓▓▓▓
▓▓▓▓▓▓▓▓▓▓▓▓▓


You could see a deep elf mage, 3 ice beasts and a vampiric trident.

Vanquished Creatures
  A dancing weapon (D)
  A deep elf mage (D)
  3 merfolk (D)
  A polar bear (D)
  A ball python simulacrum (D)
7 creatures vanquished.

Notes
Turn   | Place    | Note
--------------------------------------------------------------
     0 | D        | otab the Hill Orc Monk began the quest for the Orb.
     0 | D        | Reached XP level 1. HP: 19/19 MP: 1/1
     0 | D        | Found a viscous altar of Jiyva.
     0 | D        | Found a roughly hewn altar of Beogh.
     0 | D        | Found a corrupted altar of Lugonu.
     0 | D        | Found a white marble altar of Elyvilon.
     0 | D        | Found a sparkling altar of Nemelex Xobeh.
     1 | D        | Found a burning altar of Makhleb.
     1 | D        | Found an iron altar of Okawaru.
     1 | D        | Found a deep blue altar of Sif Muna.
     1 | D        | Found a radiant altar of Vehumet.
     1 | D        | Found a bloodstained altar of Trog.
     1 | D        | Found a shimmering altar of Xom.
    62 | D        | Became a worshipper of the Shining One
    62 | D        | Reached * piety under the Shining One
    62 | D        | Reached ** piety under the Shining One
    71 | D        | Reached skill level 3 in Invocations
    71 | D        | Reached XP level 2. HP: 28/28 MP: 1/4
    82 | D        | Entered arena 1.
    82 | D        | Noticed a polar bear
    89 | D        | Killed a polar bear
    89 | D        | Reached skill level 5 in Dodging
    89 | D        | Reached skill level 6 in Invocations
    89 | D        | Reached XP level 3. HP: 22/39 MP: 2/7
    89 | D        | Reached XP level 4. HP: 26/47 MP: 2/9
    89 | D        | Reached XP level 5. HP: 29/52 MP: 2/10
   214 | D        | Entered arena 2.
   214 | D        | Noticed a merfolk
   214 | D        | Reached *** piety under the Shining One
   214 | D        | Noticed a merfolk
   214 | D        | Noticed a merfolk
   232 | D        | Killed a merfolk
   232 | D        | Reached skill level 5 in Shields
   232 | D        | Reached skill level 8 in Invocations
   232 | D        | Reached XP level 6. HP: 55/61 MP: 10/12
   232 | D        | Reached XP level 7. HP: 62/68 MP: 10/13
   236 | D        | Killed a merfolk
   236 | D        | Reached skill level 9 in Invocations
   240 | D        | Killed a merfolk
   245 | D        | Got the +4 chain mail of the Shore {rElec Dex+4}
   257 | D        | Got the ring "Plog" {rElec rF- rC+ MR+ Int+3}
   259 | D        | Entered arena 3.
   259 | D        | Noticed a deep elf mage
   259 | D        | Noticed a vampiric trident
   259 | D        | Noticed a deep elf mage
   259 | D        | Reached **** piety under the Shining One
   259 | D        | Noticed a morningstar of protection
   266 | D        | Killed a morningstar of protection
   266 | D        | Reached skill level 10 in Long Blades
   266 | D        | Reached skill level 11 in Invocations
   266 | D        | Reached XP level 8. HP: 30/79 MP: 14/16
   269 | D        | Killed a deep elf mage
   269 | D        | Reached skill level 10 in Fighting
   269 | D        | Reached skill level 5 in Armour
   269 | D        | Reached XP level 9. HP: 34/85 MP: 14/17
   272 | D        | Killed from afar by a deep elf mage

Skill      XL: |  1  2  3  4  5  6  7  8 |
---------------+-------------------------+-----
Fighting       | 4 7 8 9 10 | 10.2
Long Blades    | 4 7 8 10 | 10.9
Armour         | 2 3 4 5 |  5.0
Dodging        | 3 5 6 |  6.9
Shields        | 2 4 5 8 9 |  9.5
Invocations    | 3 6 8 11 | 11.4
Stealth        | |  1.5
Unarmed Combat | |  4.3

Action                   |  1- 3 |  4- 6 |  7- 9 || total
-------------------------+-------+-------+-------++-------
Melee: Double sword      |     6 |    14 |    18 ||    38
  Use: Potion            |     1 |     1 |     2 ||     4
       Scroll            |       |     1 |       ||     1
Armor: Plate armour      |    15 |    10 |     1 ||    26
       Chain mail        |       |       |     4 ||     4
Dodge: Dodged            |     1 |     6 |     6 ||    13
Block: Shield            |    22 |    31 |    40 ||    93
